[Event "ONJK DE"]
[Site "Enschede, Netherlands"]
[Date "2022.08.10"]
[Round "7.3"]
[White "Declerck, Adriaan"]
[Black "Verwer, Oscar"]
[Result "1-0"]
[TimeControl "40min + 30sec/move"]
[WhiteElo "1371"]
[BlackElo "1361"]

1. e4 c5 2. Nc3 Nc6 3. f4 g6 4. Nf3 Bg7 5. g3 e6 6. Bg2 Nge7 7. d3 d6 8. O-O O-O 9. h3 d5 10.
Qe1 Rb8 11. g4 Nd4 12. Nxd4 Bxd4+ 13. Kh1 Bg7 14. Qg3 f6 15. Bd2 b6 16. Rae1 dxe4 17. Nxe4 Bb7 18. Bc3 Nd5 19. f5 Nxc3 20.
Nxc3 Bxg2+ 21. Qxg2 e5 22. fxg6 hxg6 23. Qe4 Qe8 24. Nd5 Qf7 25. c4 Kh8 26. Rf2 f5 27. Qf3 f4 28. g5 Rbd8 29.
h4 b5 30. b3 Rc8 31. Rh2 bxc4 32. h5 Kg8 33. hxg6 Qe6 34. dxc4 Rfe8 35. Nxf4 Qd7 36. Nd5 1-0

[Event "ONJK DE"]
[Site "Enschede, Netherlands"]
[Date "2022.08.10"]
[Round "7.4"]
[White "Dijkhuijsen, Thomas"]
[Black "Decraene, Lotus"]
[Result "0-1"]
[TimeControl "40min + 30sec/move"]
[WhiteElo "1306"]
[BlackElo "1332"]

1. e4 c5 2. Nf3 d6 3. d4 cxd4 4. Nxd4 Nf6 5. Nc3 a6 6. Bc4 e6 7. O-O Be7 8. f4 Nbd7 9. Be3 b5 10.
Be2 Bb7 11. Bh5 O-O 12. f5 e5 13. Nb3 Nxe4 14. Nd5 Bg5 15. Bf3 Bxd5 16. Bxg5 Nxg5 17. Qxd5 Nf6 18. Qxa8 Qb6+ 19. Kh1 Rxa8 20. Bxa8 Ng4 21.
h4 Ne4 22. Bxe4 Nf2+ 23. Rxf2 Qxf2 24. Bd3 e4 25. Bf1 Qxh4+ 26. Kg1 e3 27. Bd3 Qf2+ 28. Kh2 e2 29. Bxe2 Qxe2 30. Nd4 Qe5+ 31.
Kh1 Qxd4 32. c3 Qf2 33. b3 Qxf5 34. Kg1 Qc5+ 35. Kh1 Qxc3 36. Rd1 Qe5 37. Rc1 g6 38. Rc6 Qa1+ 39. Kh2 a5 40.
Rxd6 Qe5+ 41. Kh1 Qxd6 42. a4 bxa4 43. bxa4 Qd1+ 44. Kh2 Qxa4 45. g3 Qb3 46. Kh3 f5 47. Kh4 g5+ 48. Kxg5 Qxg3+ 49. Kxf5 a4 50. Kf6 a3 51. Ke7 a2 52. Ke6 a1=R 53. Kd5 Re1 54. Kc4 Rd1 55. Kc5 Qc7+ 56. Kb5 Rb1+ 57. Ka6 Qb6# 0-1

[Event "ONJK DE"]
[Site "Enschede, Netherlands"]
[Date "2022.08.10"]
[Round "7.5"]
[White "Gang, Kevin Wan Ze"]
[Black "Van Haaften, Jelle"]
[Result "1-0"]
[TimeControl "40min + 30sec/move"]
[WhiteElo "1105"]
[BlackElo "992"]

1. e4 c6 2. d4 d5 3. Nc3 g6 4.
Nf3 Bg7 5. e5 e6 6. Bd3 Nd7 7. Be3 Ne7 8. O-O Nf5 9. Bxf5 exf5 10. Re1 O-O 11. Bd2 Re8 12. Qe2 Nb6 13. Qd3 Be6 14.
Re2 Nc4 15. b3 Nb6 16. Rae1 Nd7 17. Ng5 f6 18. exf6 Nxf6 19. Nxe6 Qd7 20. Nxg7 Qxg7 21. Rxe8+ Rxe8 22. Rxe8+ Nxe8 23. Qe3 Nf6 24. Qe5 Qf7 25.
Bh6 Ng4 26. Qb8+ Qf8 27. Qxf8# 1-0

[Event "ONJK DE"]
[Site "Enschede, Netherlands"]
[Date "2022.08.10"]
[Round "7.6"]
[White "Thijssen, Freek (E)"]
[Black "Katpatal, Akshaj (E)"]
[Result "1/2-1/2"]
[TimeControl "40min + 30sec/move"]
[WhiteElo "1484"]
[BlackElo "1874"]

1. e4 e5 2. Nf3 Nc6 3. Bc4 Bc5 4. c3 d6 5. d4 exd4 6. cxd4 Bb4+ 7. Bd2 Bxd2+ 8. Nbxd2 Nf6 9. d5 Ne7 10.
Rc1 Ng6 11. h3 O-O 12. O-O Re8 13. Qc2 Bd7 14. Rfe1 Rc8 15. Qb3 b5 16. Bd3 Nf4 17. Bf1 a6 18. Qa3 Ra8 19. Qc3 Rc8 20.
a3 c6 21. Qe3 N6xd5 22. Qb3 Nb6 23.
Qe3 Ng6 24. Qd4 d5 25. exd5 Nxd5 26. Rxe8+ Bxe8 27. Nb3 a5 28. Bxb5 cxb5 29. Rxc8 Qxc8 30. Qxd5 a4 31. Nc5 1/2-1/2

[Event "ONJK DE"]
[Site "Enschede, Netherlands"]
[Date "2022.08.10"]
[Round "7.7"]
[White "Leenen, Boyd (E)"]
[Black "Koppenens, Oscar (E)"]
[Result "1/2-1/2"]
[TimeControl "40min + 30sec/move"]
[WhiteElo "1417"]
[BlackElo "1266"]

1. Nf3 e6 2. d4 Nf6 3. c4 d5 4. Nc3 g6 5. g3 c6 6. Bg2 Nbd7 7. e3 Bg7 8. O-O O-O 9. b3 b6 10.
Ba3 Re8 11. Rc1 Ba6 12. Ne2 Rc8 13. Re1 c5 14. Nf4 dxc4 15. dxc5 bxc5 16. bxc4 Qa5 17. Qb3 Nb6 18. Bf1 Rb8 19. Qc3 Qxc3 20. Rxc3 e5 21.
Nd3 Bxc4 22. Nxc5 Bxa2 23. Rcc1 e4 24. Nd4 Bd5 25. Bh3 Nc4 26. Ra1 Nh5 27. Na6 Bxd4 28. exd4 Rb3 29. Bc1 Re6 30. Nc7 1/2-1/2

[Event "ONJK DE"]
[Site "Enschede, Netherlands"]
[Date "2022.08.10"]
[Round "7.8"]
[White "Los, Evan (E)"]
[Black "Meert, Senne (E)"]
[Result "1-0"]
[TimeControl "40min + 30sec/move"]
[WhiteElo "1050"]
[BlackElo "100"]

1. e4 e6 2. d4 d5 3. exd5 exd5 4. Nf3 c5 5. c4 cxd4 6. Nxd4 dxc4 7. Bxc4 Nc6 8. Bb5 Bc5 9. Qe2+ Nge7 10. Nxc6 bxc6 11. Bxc6+ Bd7 12. Bxa8 Qxa8 13. O-O O-O 14. Nc3 Qb7 15. Bg5 Nd5 16. Nxd5 Bb5 17. Ne7+ Kh8 18. Qe5 Bxe7 19. Qxe7 Qxe7 20. Bxe7 Re8 21. Rfe1 h5 22. Rad1 f6 23.
Rd8 Kh7 24. Rxe8 Bxe8 25. Bxf6 Bf7 26. Bd4 a6 27. Re7 Bxa2 28.
Rxg7+ Kh6 29. Ra7 Bc4 30. Rg7 h4 31. f4 Bd3 32. Rd7 Bb5 33. Rd6+ Kh7 34. f5 Kg8 35. f6 Kf7 36. Rb6 Bc4 37. Rb7+ Kg8 38. Bf2 Bd5 39. Ra7 Bc4 40. Bxh4 Bb5 41. Bf2 Bc4 42. g4 Be6 43. g5 Bf7 44. Rxa6 Kh7 45. Ra7 Kg6 46. b4 Bc4 47. Rg7+ Kf5 48. f7 Bxf7 49. Rxf7+ Kxg5 50. b5 Kg6 51. Rc7 Kf6 52. b6 Ke6 53. b7 Kd6 54. b8=Q Kd5 55. Qd8+ Ke6 56. Re7+ Kf6 57. Qf8+ Kg5 58. Rg7+ Kh5 59. Qh8# 1-0

[Event "ONJK DE"]
[Site "Enschede, Netherlands"]
[Date "2022.08.11"]
[Round "8.1"]
[White "Gang, Kevin Wan Ze"]
[Black "Groenewoud, Joel"]
[Result "1/2-1/2"]
[TimeControl "40min + 30sec/move"]
[WhiteElo "1105"]
[BlackElo "1497"]

1. e4 c6 2. d4 d5 3. Nc3 dxe4 4. Nxe4 Nf6 5. Nxf6+ exf6 6. Bc4 Bd6 7. Nf3 O-O 8. O-O Nd7 9.
Re1 Re8 10. b3 Nf8 11. Bb2 Bg4 12. Rxe8 Qxe8 13. Qe2 b5 14. Qxe8 Rxe8 15. Bd3 Ng6 16. Bxg6 fxg6 17. Re1 Rc8 18.
h3 Bxf3 19. gxf3 Kf7 20. c4 bxc4 21. bxc4 Rb8 22. Bc3 g5 23. Re2 Ba3 24. Kg2 Rb1 25. Rd2 Rc1 26. Rd3 Rc2 27. d5 cxd5 28.
cxd5 Bd6 29. a3 Bxa3 30. Bxf6 gxf6 31. Rxa3 Rc7 32. Ra6 Kg6 33. Rc6 Rd7 34. d6 Kf5 35. Rc7 Ke6 36. Rc6 Rxd6 37.
Rc7 Rd7 38. Rc6+ Kf5 39. Rc5+ Kg6 40. Ra5 Rf7 41. Kg3 h6 42. f4 Rb7 43. f3 Rc7 44. fxg5 hxg5 45. h4 gxh4+ 46. Kxh4 Rc3 47.
Rxa7 Rxf3 48. Kg4 Rf1 49. Ra6 Rb1 50. Ra4 f5+ 51. Kf4 Rf1+ 52. Kg3 Kg5 53. Ra5 Rb1 54. Ra4 Rb3+ 55. Kg2 f4 56.
Ra2 Rg3+ 57. Kh2 Kg4 58. Rg2 Rxg2+ 59. Kxg2 f3+ 60. Kf1 Kg3 61. Kg1 f2+ 62. Kf1 Kf3 1/2-1/2

[Event "ONJK DE"]
[Site "Enschede, Netherlands"]
[Date "2022.08.11"]
[Round "8.2"]
[White "Frederiks, Jesse"]
[Black "Decraene, Lotus"]
[Result "1-0"]
[TimeControl "40min + 30sec/move"]
[WhiteElo "1302"]
[BlackElo "1332"]

1. d4 d5 2. c4 e6 3. Nc3 Nf6 4. Bg5 Be7 5. e3 Nbd7 6. Nf3 O-O 7. Qc2 c5 8. cxd5 exd5 9. Be2 Re8 10.
O-O b6 11. Rac1 cxd4 12. Nxd4 Bb7 13. Rfd1 Rc8 14. Qb1 Nc5 15. Bd3 Nfe4 16. Bxe7 Qxe7 17. Nxe4 dxe4 18. Be2 Rf8 19. a3 f5 20.
b4 Ne6 21. Bc4 Rf6 22. Bxe6+ Rxe6 23. Nxe6 Rxc1 24. Qxc1 Qxe6 25. Rd8+ Kf7 26. Qc7+ Kf6 27. Rd6 1-0

[Event "ONJK DE"]
[Site "Enschede, Netherlands"]
[Date "2022.08.11"]
[Round "8.3"]
[White "Terlouw, Wouter"]
[Black "Declerck, Adriaan"]
[Result "1/2-1/2"]
[TimeControl "40min + 30sec/move"]
[WhiteElo "1720"]
[BlackElo "1371"]

1. d4 Nf6 2. c4 e6 3. g3 b6 4. Bg2 d5 5. Nc3 Bb7 6. Nf3 Be7 7. O-O O-O 8. Bf4 dxc4 9. Qc2 Nbd7 10.
e4 c5 11. e5 Nd5 12. Ne2 Rc8 13. Qxc4 Qc7 14. Rac1 Qb8 15. Qa4 Rfd8 16. Be3 Qa8 17. Qd1 cxd4 18. Rxc8 Rxc8 19. Bxd4 Bc5 20.
Qd2 Bxd4 21. Nexd4 Nc5 22. Re1 Ne7 23. Nh4 Bxg2 24. Nxg2 a6 25. b4 Ne4 26. Qe3 Nc3 27. a3 Ncd5 28.
Qd2 Nc6 29. Nf4 Nxd4 30. Qxd4 Nxf4 31. Qxf4 Qc6 32. Qd4 b5 33. Rd1 h6 34. Rd3 Qc1+ 35. Kg2 Qc6+ 36. Kg1 Qc1+ 37. Kg2 Qc6+ 38.
Rf3 Kf8 39. Qa7 Rc7 40. Qb8+ Rc8 41. Qa7 Rc7 42. Qb8+ Rc8 1/2-1/2

[Event "ONJK DE"]
[Site "Enschede, Netherlands"]
[Date "2022.08.11"]
[Round "8.4"]
[White "Verwer, Oscar"]
[Black "Van Ewijk, Abel"]
[Result "1-0"]
[TimeControl "40min + 30sec/move"]
[WhiteElo "1361"]
[BlackElo "1096"]

1. e4 e5 2. Nf3 Nc6 3. d4 exd4 4.
Bc4 Bc5 5. c3 Nf6 6. cxd4 Bb4+ 7. Bd2 Nxe4 8. Bxb4 Nxb4 9. Qb3 Qe7 10. O-O O-O 11. Re1 b6 12. Nc3 Bb7 13. d5 f5 14.
d6+ Nd5 15. dxe7 Rfe8 16. Bxd5+ Bxd5 17. Qxd5+ Kh8 18. Nxe4 fxe4 19. Ng5 d6 20. Nf7+ Kg8 21. Nh6+ Kh8 22. Qg8+ Rxg8 23. Nf7# 1-0

[Event "ONJK DE"]
[Site "Enschede, Netherlands"]
[Date "2022.08.11"]
[Round "8.5"]
[White "De Wit, Evan"]
[Black "Breider, Jayden"]
[Result "1/2-1/2"]
[TimeControl "40min + 30sec/move"]
[WhiteElo "1001"]
[BlackElo "1350"]

1. d4 Nf6 2. c4 e6 3. Nf3 b6 4. g3 Bb7 5. Bg2 Nc6 6. O-O Be7 7. Nc3 d5 8. cxd5 exd5 9. Bf4 a6 10.
Re1 O-O 11. a3 Ne4 12. Nxe4 dxe4 13. d5 Nb8 14. Nd2 Bxd5 15. Nxe4 c6 16. Nc3 Bxg2 17. Kxg2 Nd7 18. Ne4 Nc5 19.
Nxc5 Bxc5 20. Qxd8 Raxd8 21. Rad1 a5 22. Bc7 Rxd1 23. Rxd1 Re8 24. h4 h6 25. e3 Re4 26. Kf3 Rc4 27.
Rd2 f5 28. Ke2 Re4 29. Rd3 Kf7 30. Rb3 a4 31. Rd3 g6 32. f3 Re7 33. Bd6 Bxd6 34. Rxd6 Re6 35. Rxe6 Kxe6 36. Kd3 b5 37. Kc3 c5 38. b3 b4+ 39.
axb4 cxb4+ 40. Kxb4 axb3 41. Kxb3 g5 42. hxg5 hxg5 43. Kc3 Ke5 44. Kd3 f4 45.
exf4+ gxf4 46. g4 Kd5 47. Kc3 Kc5 48. Kd2 Kd4 49. Ke2 Ke5 50. Kf2 Kf6 51. Kg2 Kg6 52. Kh2 Kh6 53. Kg2 Kg6 54.
Kf2 Kf6 55. Ke2 Ke5 56. Kd3 Kd5 57. Kc3 Kc5 58. g5 Kd5 59. g6 Ke6 60. g7 Kf7 61. Kd4 Kxg7 62. Ke4 Kf7 63. Kxf4 Kf6 64.
Kg3 Kg5 1/2-1/2

[Event "ONJK DE"]
[Site "Enschede, Netherlands"]
[Date "2022.08.11"]
[Round "8.6"]
[White "Katpatal, Akshaj (E)"]
[Black "Los, Evan"]
[Result "1-0"]
[TimeControl "40min + 30sec/move"]
[WhiteElo "1874"]
[BlackElo "1050"]

1. e4 e5 2. Nf3 Nc6 3. Nc3 Nf6 4. Bc4 Bc5 5. d3 h6 6. Be3 Bb6 7. Qd2 d6 8. d4 exd4 9. Nxd4 Nxd4 10.
Bxd4 Be6 11. Bb3 Qd7 12. O-O O-O 13. Bxf6 gxf6 14. Qxh6 f5 15. exf5 Bxf5 16. Nd5 Bd4 17. Qg5+ Bg6 18.
h4 Kh7 19. h5 Qf5 20. hxg6+ fxg6 21. Qh4+ Kg7 22. Qxd4+ 1-0

[Event "ONJK DE"]
[Site "Enschede, Netherlands"]
[Date "2022.08.11"]
[Round "8.7"]
[White "Koppenens, Oscar"]
[Black "Thijssen, Freek (E)"]
[Result "0-1"]
[TimeControl "40min + 30sec/move"]
[WhiteElo "1266"]
[BlackElo "1484"]

1. e4 c5 2. b4 cxb4 3. a3 bxa3 4.
d4 e6 5.
Bxa3 Bxa3 6. Nxa3 Qa5+ 7. Qd2 Qxd2+ 8. Kxd2 d5 9. e5 Bd7 10. c4 Ne7 11. f4 O-O 12. Nf3 a6 13. Bd3 Nbc6 14.
Nb1 dxc4 15. Bxc4 Nf5 16. Kc3 Rfc8 17. Nbd2 b5 18. d5 exd5 19. Bxd5 Nce7+ 20. Bc4 Ne3 21. Kd3 Nxc4 22. Ne4 Bf5 23.
Nh4 Rd8+ 0-1

[Event "ONJK DE"]
[Site "Enschede, Netherlands"]
[Date "2022.08.11"]
[Round "8.8"]
[White "Leenen, Boyd (E)"]
[Black "Tetova, Amir"]
[Result "0-1"]
[TimeControl "40min + 30sec/move"]
[WhiteElo "1417"]
[BlackElo "1154"]

1. e4 c5 2. Nf3 d6 3. Bb5+ Bd7 4. Bxd7+ Nxd7 5. Nc3 Ngf6 6. d4 cxd4 7. Nxd4 g6 8. O-O Bg7 9. Be3 O-O 10.
f3 Rc8 11. Qd2 Ne5 12. b3 a6 13. Nce2 b5 14. Rac1 Rc7 15. h3 Qd7 16. Nf4 Nc6 17. Nxc6 Rxc6 18. Nd5 Nxd5 19. Qxd5 Rfc8 20.
c4 e6 21. Qd3 bxc4 22. bxc4 Bb2 23. Rc2 Bf6 24. Rd1 Be7 25. Bf4 d5 26. Bg3 Qa7+ 27. Bf2 Qc7 28. exd5 exd5 29. c5 Bxc5 30.
Qxd5 Bxf2+ 31. Kxf2 Rxc2+ 32. Kf1 Qc4+ 33. Kg1 Qxd5 34. Rxd5 Rxa2 35. g4 a5 36. Rg5 Rc1# 0-1

[Event "ONJK DE"]
[Site "Enschede, Netherlands"]
[Date "2022.08.12"]
[Round "9.1"]
[White "Groenewoud, Joel"]
[Black "Verwer, Oscar"]
[Result "1-0"]
[TimeControl "40min + 30sec/move"]
[WhiteElo "1497"]
[BlackElo "1361"]

1. e4 c5 2. Nf3 d6 3. d4 cxd4 4.
Nxd4 Nf6 5. Nc3 a6 6. f3 e5 7. Nb3 Be7 8. Be3 Be6 9. Qd2 h5 10. O-O-O Nbd7 11. Nd5 Bxd5 12. exd5 b5 13. Na5 Qc7 14. Kb1 Rc8 15.
c4 bxc4 16. Bxc4 Nc5 17. Nc6 e4 18. Bxc5 dxc5 19. Rhe1 O-O 20. fxe4 Qd7 21. e5 Ng4 22. h3 Nh6 23. Nxe7+ Qxe7 24.
d6 Qd8 25. e6 fxe6 26. Bxe6+ Nf7 27. Bxc8 Qxc8 28. Qd5 Rd8 29. Re7 1-0

[Event "ONJK DE"]
[Site "Enschede, Netherlands"]
[Date "2022.08.12"]
[Round "9.2"]
[White "Declerck, Adriaan"]
[Black "Frederiks, Jesse"]
[Result "1-0"]
[TimeControl "40min + 30sec/move"]
[WhiteElo "1371"]
[BlackElo "1302"]

1. e4 e6 2. d4 d5 3. Nc3 Bb4 4. e5 c5 5. a3 Bxc3+ 6. bxc3 Nc6 7. Qg4 Nge7 8. Qxg7 Rg8 9. Qxh7 cxd4 10.
Ne2 dxc3 11. f4 Kd7 12. Nxc3 a6 13. Qxf7 Kc7 14. Qh7 Kb8 15. Qd3 Nf5 16. Bd2 Qh4+ 17. Kd1 Ng3 18. Rg1 Qxh2 19.
Be3 Nxf1 20. Rxf1 Rxg2 21. Nxd5 Qh5+ 22. Kc1 exd5 23. Qxd5 Qg6 24. f5 Qg7 25. f6 Rxc2+ 26. Kxc2 Qc7 27. Qc5 1-0

[Event "ONJK DE"]
[Site "Enschede, Netherlands"]
[Date "2022.08.12"]
[Round "9.3"]
[White "Georgopoulos-Karbouniaris"]
[Black "Terlouw, Wouter"]
[Result "0-1"]
[TimeControl "40min + 30sec/move"]
[WhiteElo "1032"]
[BlackElo "1720"]

1. e3 Nf6 2. Nf3 e6 3. b3 d5 4.
Bb2 c5 5. c4 Nc6 6. d4 cxd4 7. Nxd4 Bb4+ 8. Nd2 Nxd4 9. exd4 Ne4 10.
Bc1 Qf6 11. Qe2 Qxd4 12. Rb1 Nc3 13. Qd3 Qxd3 14. Bxd3 Nxb1 15. Bxb1 dxc4 16. bxc4 Bd7 17. O-O Bc6 18. Nb3 O-O 19.
Bb2 Rad8 20. h3 Ba4 21. a3 Be7 22. Nc1 Bf6 23. Bxf6 gxf6 24. Ne2 Rd1 25. Ng3 Rxf1+ 26. Kxf1 Rd8 27.
Ke2 Bb3 28. Bd3 f5 29. Ke3 Kf8 30. Nf1 f4+ 31. Ke2 Rd4 32. Nd2 Bd1+ 33. Kxd1 Rxd3 34. Ke2 Rxa3 35. Ne4 Ke7 36. f3 a5 37.
Kd2 Ra2+ 38. Kc3 Rxg2 39. c5 Re2 40. Ng5 h6 41. Ne4 Rxe4 42. h4 Re3+ 43. Kb2 Rxf3 44. c6 bxc6 45. h5 Kd6 46. Kc2 a4 47. Kb2 Rb3+ 48.
Ka2 f3 49. Ka1 f2 50. Ka2 e5 51. Ka1 f1=Q+ 52. Ka2 Qb1# 0-1

[Event "ONJK DE"]
[Site "Enschede, Netherlands"]
[Date "2022.08.12"]
[Round "9.4"]
[White "Dijkhuijsen, Thomas"]
[Black "Gang, Kevin Wan Ze"]
[Result "1/2-1/2"]
[TimeControl "40min + 30sec/move"]
[WhiteElo "1306"]
[BlackElo "1105"]

1. e4 e5 2. Nf3 Nc6 3. d4 exd4 4. Nxd4 Nf6 5. Nxc6 bxc6 6. e5 Qe7 7. Qe2 Nd5 8. c4 Nb6 9. Nd2 d6 10.
exd6 Qxe2+ 11. Bxe2 cxd6 12. O-O Ba6 13. b3 O-O-O 14. Bb2 Rg8 15. Bd3 g6 16. Rfe1 Bg7 17. Bxg7 Rxg7 18. Re7 Rd7 19.
Rae1 f5 20. R7e6 Kc7 21. f4 d5 22. Bf1 dxc4 23. Nxc4 Nxc4 24. bxc4 Rd4 25. c5 Bxf1 26. Rxf1 Rc4 27. Re5 Ra4 28.
Rf2 Rd7 29. g3 Ra5 30. Rc2 Kd8 31. Re6 Rd5 32. Rxc6 Kd7 33. Rf6 Ke7 34. Rc6 Kd7 35. Rd6+ Rxd6 36. cxd6 Kxd6 37. Kf2 Ra3 38.
Ke2 h6 39. Kf2 a5 40. h4 h5 41. Re2 Kd5 42. Rc2 1/2-1/2

[Event "ONJK DE"]
[Site "Enschede, Netherlands"]
[Date "2022.08.12"]
[Round "9.5"]
[White "Breider, Jayden"]
[Black "Rooijakkers, Liam"]
[Result "0-1"]
[TimeControl "40min + 30sec/move"]
[WhiteElo "1350"]
[BlackElo "1266"]

1. e4 e5 2. Nf3 Nf6 3. Nxe5 Nc6 4. Nxc6 dxc6 5. d3 Bc5 6. Be2 h5 7. Bg5 Qd4 8. O-O Qxb2 9. Nd2 Ng4 10.
Nc4 Qd4 11. Be3 Nxe3 12. Nxe3 Qf6 13. Qd2 Bd4 14. Rab1 Be6 15. Qa5 Bb6 16. Qa4 Qg5 17. Nf5 Bxf5 18. exf5 Qxf5 19. Rbe1 O-O-O 20. Bf3 Rhe8 21. Be4 Qc5 22.
Qb3 f5 23. d4 Qxd4 24. Bxf5+ Kb8 25. Rxe8 Rxe8 26. Qf7 Qxf2+ 27. Rxf2 Re1# 0-1

[Event "ONJK DE"]
[Site "Enschede, Netherlands"]
[Date "2022.08.12"]
[Round "9.6"]
[White "Tetova, Amir"]
[Black "Katpatal, Akshaj (E)"]
[Result "0-1"]
[TimeControl "40min + 30sec/move"]
[WhiteElo "1154"]
[BlackElo "1874"]

1. e4 e5 2. Nf3 Nc6 3. Bc4 Bc5 4.
c3 Nf6 5. d4 exd4 6. cxd4 Bb4+ 7. Bd2 Bxd2+ 8. Nbxd2 d6 9. O-O Bg4 10. Bb5 O-O 11. Bxc6 bxc6 12. h3 Bxf3 13. Qxf3 Re8 14.
Rac1 Qd7 15. Rfe1 Rad8 16. Nc4 c5 17. dxc5 dxc5 18. Rcd1 Qe6 19. Rxd8 Rxd8 20. b3 h6 21. e5 Nd5 22.
Rd1 c6 23. a4 Rd7 24. Qd3 Nb6 25. Qc2 Rxd1+ 26. Qxd1 Nxc4 27. Qd8+ Kh7 28. Qd3+ Kg8 29. Qd8+ Kh7 30. Qd3+ g6 31. Qxc4 Qe7 32. f4 Kg7 33. Qe4 Qe6 34. Qe3 c4 35.
b4 Qd5 36. Qc3 Qe4 37. a5 Qxf4 38. g3 Qe4 39. a6 Kg8 40. Kf2 Kf8 41. Qe3 Qc2+ 42. Kf3 Qb3 43. Ke4 Qxb4 44. Qxh6+ Kg8 45.
Qg5 Qb1+ 46. Kd4 Qd3+ 47. Kc5 Qd5+ 48. Kb4 c5+ 49. Kb5 c3 50. h4 c2 51. h5 Qb3+ 52. Kc6 Qf3+ 53. Kc7 Qf5 54.
Qd8+ Kh7 55. hxg6 Qxg6 56. Qh4 Kg7 57. Qc4 Qb6+ 58. Kd7 Qe6+ 0-1

[Event "ONJK DE"]
[Site "Enschede, Netherlands"]
[Date "2022.08.12"]
[Round "9.7"]
[White "Thijssen, Freek (E)"]
[Black "Los, Evan"]
[Result "1-0"]
[TimeControl "40min + 30sec/move"]
[WhiteElo "1484"]
[BlackElo "1050"]

1. e4 e5 2. Nf3 Nc6 3. Bc4 Nf6 4. d3 Qe7 5. Nc3 Na5 6. Bb3 c6 7. Bg5 d6 8. h3 Bd7 9. O-O h6 10.
Bxf6 Qxf6 11. d4 O-O-O 12. d5 g5 13. dxc6 Nxc6 14. Nh2 h5 15. Nd5 Qg6 16. Qd3 g4 17. h4 f5 18. exf5 Bxf5 19.
Qc3 Bg7 20. Ne7+ 1-0

[Event "ONJK DE"]
[Site "Enschede, Netherlands"]
[Date "2022.08.12"]
[Round "9.8"]
[White "Mittal, Aashray"]
[Black "Koppenens, Oscar"]
[Result "0-1"]
[TimeControl "40min + 30sec/move"]
[WhiteElo "1153"]
[BlackElo "1266"]

1. e4 e6 2. d4 d5 3. e5 c5 4.
c3 Nc6 5. Nf3 Qb6 6. Bd3 cxd4 7. cxd4 Bb4+ 8. Nc3 Bxc3+ 9. bxc3 f6 10. Bf4 g6 11. exf6 Nxf6 12. Bh6 Qc7 13. O-O Qe7 14. Re1 Bd7 15. Rb1 O-O-O 16. Qb3 Na5 17.
Qb2 Bc6 18. Ne5 b6 19. Nxc6 Nxc6 20. Ba6+ Kb8 21. Qb5 Qd6 22. Bg7 Rdf8 23. Bxh8 Rxh8 24. Qe2 Ne4 25. Qc2 Qc7 26. Qd3 e5 27. f3 Nf6 28. dxe5 Nxe5 29. Qd4 Ned7 30. Bb5 Rd8 31. Bxd7 Nxd7 32. Re7 Qd6 33.
Rxh7 Re8 34. Qa4 Qe5 35. h3 Re7 36. Rxe7 Qxe7 37. Qf4+ Kb7 38. Qd4 Qe6 39. Qg4 Qe3+ 40. Kh1 Nc5 41.
Qxg6 Qxc3 42. Qf7+ Ka6 43. Qxd5 Qc2 44. Qd1 Qg6 45. Qf1+ Kb7 46. f4 Nd3 47. Qf3+ Kb8 48. f5 Qd6 49.
g4 Qd4 50. Qg3+ Kc8 51. Qf3 Kb8 52. f6 Ne5 53. f7 Nxf7 54. Qxf7 Qe4+ 55. Kh2 Qxb1 56. Qg8+ Kc7 57. Qf7+ Kb8 58.
Qf4+ Kc8 59. Qf5+ Qxf5 60. gxf5 Kd7 61. Kg3 Ke7 62. Kg4 b5 63. h4 Kf6 64. h5 a5 65. h6 a4 66. Kf4 b4 67. Ke3 b3 68. axb3 a3 69.
b4 a2 70. b5 a1=Q 71. Ke4 Qe5+ 72. Kd3 Qxb5+ 73. Kd4 Qxf5 74. h7 Qxh7 75. Kd5 Qd3+ 76. Kc5 Ke6 77. Kc6 Qd5+ 78. Kc7 Qd6+ 79.
Kb7 Kd7 80. Ka8 Qb4 81. Ka7 Kc7 82. Ka6 Qa4# 0-1

[Event "ONJK DE"]
[Site "Enschede, Netherlands"]
[Date "2022.08.12"]
[Round "10.1"]
[White "Vogels, Mathijs"]
[Black "Groenewoud, Joel"]
[Result "0-1"]
[TimeControl "40min + 30sec/move"]
[WhiteElo "1283"]
[BlackElo "1497"]

1. e4 c6 2. d4 d5 3. e5 c5 4.
c3 Nc6 5. Nf3 cxd4 6. cxd4 Bg4 7. Bb5 e6 8. Bd2 Qb6 9. Nc3 Nge7 10. h3 Bxf3 11. Qxf3 Qxd4 12. Bxc6+ bxc6 13. Qe2 Ng6 14.
O-O Qxe5 15. Qxe5 Nxe5 16. Bf4 Ng6 17. Be3 Bd6 18. f4 Ne7 19. Bd4 Nf5 20. Bf2 h5 21. Ne2 c5 22. Rac1 c4 23.
b3 cxb3 24. axb3 Kd7 25. Rc2 a5 26. Rfc1 Rhc8 27. Rxc8 Rxc8 28. Ra1 Rc2 29. Kf1 Bc5 30. Bxc5 Rxc5 31. Rb1 h4 32. Ke1 f6 33.
Kd2 e5 34. fxe5 fxe5 35. Rf1 Ke6 36. Re1 Kd6 37. Rf1 g6 38. Rd1 d4 39. Rf1 Kd5 40. Nc1 Ne3 41. Rf8 Rc2+ 42. Ke1 Rxc1+ 43. Ke2 Ke4 44. Rf3 d3+ 45. Kd2 Rc2+ 46. Ke1 Re2# 0-1

[Event "ONJK DE"]
[Site "Enschede, Netherlands"]
[Date "2022.08.12"]
[Round "10.2"]
[White "Terlouw, Wouter"]
[Black "Frederiks, Jesse"]
[Result "1-0"]
[TimeControl "40min + 30sec/move"]
[WhiteElo "1720"]
[BlackElo "1302"]

1. d4 d5 2. c4 c6 3. Nc3 Nf6 4.
Nf3 Bf5 5. cxd5 cxd5 6. Qb3 Qd7 7. e4 Bxe4 8. Bb5 Nc6 9. Ne5 Qc7 10. Nxe4 Nxe4 11. Qxd5 Nd6 12. Bxc6+ bxc6 13. Qxc6+ Qxc6 14.
Nxc6 Rc8 15. Ne5 g6 16. Be3 Bg7 17. O-O O-O 18. Rac1 Rfd8 19. Rxc8 Rxc8 20. Rc1 Rxc1+ 21. Bxc1 Nf5 22.
Be3 Nxe3 23. fxe3 Bxe5 24. dxe5 Kg7 25. Kf2 Kh6 26. Kf3 g5 27. g4 Kg6 28. Ke4 h5 29. h3 hxg4 30. hxg4 e6 31.
b4 f5+ 32. exf6 Kxf6 33. b5 Ke7 34. Ke5 1-0

[Event "ONJK DE"]
[Site "Enschede, Netherlands"]
[Date "2022.08.12"]
[Round "10.3"]
[White "Rooijakkers, Liam"]
[Black "Declerck, Adriaan"]
[Result "1/2-1/2"]
[TimeControl "40min + 30sec/move"]
[WhiteElo "1266"]
[BlackElo "1371"]

1. e4 e6 2. d4 d5 3. Nc3 Bb4 4. e5 c5 5. Nf3 cxd4 6. Qxd4 Nc6 7. Bb5 Nge7 8. Bg5 Ba5 9. Qa4 Bd7 10.
Bxe7 Bxc3+ 11. bxc3 Qxe7 12. Bxc6 Bxc6 13. Qb4 Qc7 14. O-O a5 15. Qb2 O-O 16. Rab1 Rfc8 17. Qb6 Qxb6 18. Rxb6 Ra7 19.
Rfb1 h6 20. h3 Ba4 21. Rxb7 Rxb7 22. Rxb7 Rxc3 23. Rb8+ Kh7 24. Ra8 Rxc2 25. Rxa5 Rxa2 26. Ra7 Kg6 27. Nh4+ Kh7 28. Nf3 1/2-1/2

[Event "ONJK DE"]
[Site "Enschede, Netherlands"]
[Date "2022.08.12"]
[Round "10.4"]
[White "De Wit, Evan"]
[Black "Gang, Kevin Wan Ze"]
[Result "1/2-1/2"]
[TimeControl "40min + 30sec/move"]
[WhiteElo "1001"]
[BlackElo "1105"]

1. d4 d5 2. c4 dxc4 3. e4 Nc6 4. Nf3 Bg4 5. Be3 Qd7 6. d5 O-O-O 7. Nc3 Ne5 8. Nxe5 Bxd1 9. Nxd7 Rxd7 10.
Rxd1 Nf6 11. Be2 e5 12. Bg5 Bb4 13. Bxf6 gxf6 14. Bg4 Bxc3+ 15. bxc3 Rg8 16. Bxd7+ Kxd7 17. g3 Rg4 18. f3 Rg8 19.
Rb1 b6 20. f4 exf4 21. gxf4 a6 22. Rb4 b5 23. a4 c6 24. axb5 axb5 25. Kf2 Re8 26. Re1 Ra8 27. dxc6+ Kxc6 28.
Rg1 Ra2+ 29. Kg3 Rc2 30. Rf1 Rxc3+ 31. Rf3 Rc2 32. e5 f5 33. Kh4 Rxh2+ 34. Kg5 Kc5 35. Rb1 b4 36. Kf6 Re2 37.
Kxf7 c3 38. e6 Kc4 39. Rh3 b3 40. Rc1 c2 41. Rhh1 b2 42. Rxc2+ Rxc2 43. Rb1 Kb3 44. e7 Re2 45. e8=Q Rxe8 46.
Kxe8 Kc2 47. Rxb2+ Kxb2 48. Kf7 h5 49. Kg6 h4 50. Kxf5 h3 51. Ke6 h2 52. f5 h1=Q 53. f6 Qh6 54.
Ke7 Qe3+ 55. Kf7 Kc3 56. Kf8 Kd4 57. f7 Ke5 58. Kg8 Qg5+ 59. Kh7 Qf6 60. Kg8 Qg6+ 61. Kh8 Qh5+ 62. Kg8 Qg4+ 63.
Kh8 Qc8+ 64. Kg7 Qd7 65. Kh8 Qe7 66. Kg8 Qe8+ 1/2-1/2

[Event "ONJK DE"]
[Site "Enschede, Netherlands"]
[Date "2022.08.12"]
[Round "10.5"]
[White "Verwer, Oscar"]
[Black "Dijkhuijsen, Thomas"]
[Result "0-1"]
[TimeControl "40min + 30sec/move"]
[WhiteElo "1361"]
[BlackElo "1306"]

1. e4 c5 2. d4 cxd4 3. c3 dxc3 4. Nxc3 Nc6 5. Nf3 e6 6. Bc4 Bc5 7. O-O Nge7 8. Bg5 O-O 9. e5 d6 10.
exd6 Bxd6 11. Nb5 Bc5 12. Bf4 Ng6 13. Bg3 a6 14. Nc3 b5 15. Bb3 Bb7 16. Rc1 Be7 17. Ne2 Rc8 18. Nfd4 Nxd4 19.
Qxd4 Qxd4 20. Nxd4 Bf6 21. Rxc8 Rxc8 22. Rd1 Rd8 23. Ne2 Rxd1+ 24. Bxd1 Bxb2 25. f3 Ne5 26. Be1 Nd3 27. Ba5 Nc1 28.
Nxc1 Bxc1 29. Kf2 g5 30. g4 h6 31. h3 Bf4 32. Bc2 Bd5 33. a4 Bc4 34. axb5 axb5 35. Bb4 Kg7 36. Be4 Be5 37.
Kg1 Kg8 38. Bc2 Bg7 39. Be4 Bf8 40. Bxf8 Kxf8 41. Bb1 Ke7 42. Kf2 Kd6 43. Be4 Kc5 44. Kg3 e5 45. h4 Kd4 46. hxg5 hxg5 47.
Kf2 Bd3 48. Bc6 b4 49. Ba4 Bc4 50. Bc2 b3 51. Bxb3 Bxb3 52. Ke2 Bc4+ 53. Kd2 e4 0-1